 Dungeon Crawl Stone Soup version 0.20-a0-633-gff4aa5c (webtiles) character file.

7 presbutan the Caller (level 2, 0/15 HPs)
             Began as a Tengu Summoner on Feb 12, 2017.
             Slain by a gnoll
             ... wielding a +0 spear
              (10 damage)
             ... on level 1 of the Dungeon.
             The game lasted 00:01:34 (192 turns).

presbutan the Caller (Tengu Summoner)                Turns: 192, Time: 00:01:34

Health: 0/15       AC:  2    Str:  8    XL:     2   Next: 4%
Magic:  2/6        EV: 12    Int: 15    God:
Gold:   12         SH:  0    Dex: 14    Spells: 4/5 levels left

rFire    . . .     SeeInvis .   h - +0 dagger
rCold    . . .     Gourm    .   a - +0 robe
rNeg     . . .     Faith    .   (no shield)
rPois    .         Spirit   .   (helmet restricted)
rElec    .         Reflect  .   (no cloak)
rCorr    .         Harm     .   (no gloves)
MR       .....                  (boots unavailable)
Stlth    ++........             e - amulet of regeneration
Regen    0.5/turn               (no ring)
                                (no ring)

@: no status effects
A: beak, talons 3
a: no special abilities


You were on level 1 of the Dungeon.
You were not hungry.

You visited 1 branch of the dungeon, and saw 1 of its levels.

You collected 12 gold pieces.

Inventory:

Hand Weapons
 h - a +0 dagger (weapon)
Missiles
 i - 24 stones (quivered)
Armour
 a - a +0 robe (worn)
Jewellery
 e - an amulet of regeneration (around neck)
Scrolls
 f - a scroll of teleportation {unknown}
Potions
 j - a potion of agility
Books
 b - a book of Callings

   Spells                             Type                      Level
   a - Summon Small Mammal            Summoning                    1
   b - Call Imp                       Summoning                    2
   c - Call Canine Familiar           Summoning                    3
   d - Summon Guardian Golem          Hexes/Summoning              3
   e - Summon Lightning Spire         Summoning/Air                4
   f - Summon Ice Beast               Ice/Summoning                4
Comestibles
 c - a bread ration
 d - 4 fruits
 g - 2 chunks of flesh


   Skills:
 - Level 2.1 Dodging
 - Level 2.0 Stealth
 * Level 2.3 Spellcasting
 + Level 5.0 Summonings


You had 4 spell levels left.
You knew the following spells:

 Your Spells              Type           Power        Failure   Level  Hunger
a - Summon Small Mammal   Summ           ###.         2%          1    #......


Dungeon Overview and Level Annotations

Branches:
Dungeon (1/15)

Altars:


Innate Abilities, Weirdness & Mutations

You have a beak for a mouth.
You have claws for feet.


Message History

Your bat disappears in a puff of smoke!
Your bat hits the gnoll but does no damage. x2
The gnoll closely misses you.
Your bat barely misses the gnoll.
Your bat hits the gnoll.
Your bat hits the gnoll but does no damage.
The gnoll barely misses your bat.
Casting: Summon Small Mammal
Confirm with . or Enter, or press ? or * to list all spells.
Your bat hits the gnoll but does no damage.
Casting: Summon Small Mammal
Confirm with . or Enter, or press ? or * to list all spells.
Your bat hits the gnoll but does no damage.
The gnoll closely misses you.
Casting: Summon Small Mammal
Confirm with . or Enter, or press ? or * to list all spells.
Your bat hits the gnoll but does no damage.
The gnoll hits you from afar with a spear!
Ouch! That really hurt!
You die...

....P#
#...........#.###........
.....#
#.########...............
....P# #.#
#.........##........
.....# #.#
#.#.......##########
...♣♣#
#.####.#........)..# ..♣♣
#......#......#....# .P<♣
########......#....# ##
♣♣♣♣ #.rb####.#### #.
#@r.# #.# #.
####..g####.########.
#..r>........§.†.)...
....##.#########.#####.
... #.......(......g.. .
#####...†...####..
#.####### #.. #.# #.. #g#
#..


You could see a gnoll, 2 friendly quokkas, a friendly bat and a friendly rat.

Vanquished Creatures
  A dart slug (D:1)
  A hobgoblin (D:1)
  3 kobolds (D:1)
5 creatures vanquished.

Vanquished Creatures (collateral kills)
  A hobgoblin (D:1)
  A rat (D:1)
2 creatures vanquished.

Grand Total: 7 creatures vanquished

Notes
Turn   | Place    | Note
-------+----------+-------------------------------------------
     0 | D:1      | presbutan the Tengu Summoner began the quest for the Orb.
     0 | D:1      | Reached XP level 1. HP: 10/10 MP: 4/4
   131 | D:1      | Reached skill level 5 in Summonings
   157 | D:1      | Reached XP level 2. HP: 15/15 MP: 3/6
   192 | D:1      | Slain by a gnoll

Vault maps used:
D:1:      kennysheep_arrival_seaside

Skill      XL: |  1 |
---------------+----+-----
Summonings     | 5 |  5.0
Dodging        | |  2.1
Stealth        | |  2.0
Spellcasting   | |  2.3

Action                   || total
-------------------------++-------
Melee: Unarmed           ||    13
       Dagger            ||    11
       Kick              ||     2
       Peck              ||     2
 Cast: Summon Small Mamm ||     7
  Use: Potion            ||     1
 Stab: Sleeping          ||     2
Armor: Robe              ||     3
Dodge: Dodged            ||    20
